 Dungeon Crawl Stone Soup version 0.20.1-1-g8b1a95d (webtiles) character file.

2594 motkufotm the Spear-Bearer (level 9, -3/74 HPs)
             Began as a Formicid Abyssal Knight on July 29, 2017.
             Was a Priest of Lugonu.
             Slain by Pikel
             ... wielding a +2 whip of electrocution
              (13 damage)
             ... on level 8 of the Dungeon.
             The game lasted 00:20:40 (9981 turns).

motkufotm the Spear-Bearer (FoAK)                   Turns: 9981, Time: 00:20:43

Health: -3/74      AC:  7    Str: 20    XL:     9   Next: 89%
Magic:  12/12      EV: 11    Int: 12    God:    Lugonu [***...]
Gold:   405        SH:  8    Dex: 10    Spells: 8/8 levels left

rFire    . . .     SeeInvis +   T - +0 glaive
rCold    . . .     Gourm    .   g - +0 buckler
rNeg     . . .     Faith    .   C - -2 ring mail (curse)
rPois    .         Spirit   .   (helmet unavailable)
rElec    .         Reflect  .   Q - +2 cloak
rCorr    .         Harm     .   (no gloves)
MR       +....                  (no boots)
Stlth    ..........             (no amulet)
Regen    0.3/turn               r - ring of protection from magic
MPRegen  0.2/turn               v - +1 ring of protection

@: no status effects
A: permanent stasis, dig shafts and tunnels, four strong arms, antennae 3, large
bone plates 1
a: Dig, Shaft Self, Depart the Abyss, Bend Space, Banish, Renounce Religion


You were on level 8 of the Dungeon.
You worshipped Lugonu.
Lugonu was most pleased with you.
You were not hungry.

You visited 1 branch of the dungeon, and saw 8 of its levels.
You visited the Abyss 1 time.

You collected 405 gold pieces.

Inventory:

Hand Weapons
 d - a +0 halberd
 E - a +0 trident
 R - a cursed +4 spear
 T - a +0 glaive (weapon)
Armour
 b - a +0 leather armour
 g - a +0 buckler (worn)
 A - a scarf of repulsion
 C - a cursed -2 ring mail (worn)
 K - a +0 ring mail
 M - a +3 chain mail
 N - a +0 plate armour
 Q - a +2 cloak (worn)
Jewellery
 r - a ring of protection from magic (left hand)
 t - an uncursed ring of wizardry
 v - a +1 ring of protection (right hand)
Wands
 a - a wand of iceblast (5/15)
 x - a wand of acid (6/15)
 I - a wand of confusion (33/48)
 P - a wand of confusion (20/48)
Scrolls
 e - 3 scrolls of fog
 f - 2 scrolls of amnesia {unknown}
 o - 2 scrolls of fear {unknown}
 q - a scroll of remove curse
 s - a scroll of noise {unknown}
 B - 2 scrolls of random uselessness {unknown}
 D - 4 scrolls of recharging
 F - 2 scrolls of blinking {unknown}
 H - a scroll of enchant weapon {unknown}
 L - 2 scrolls of enchant armour {unknown}
 O - a scroll of identify
Potions
 h - 4 potions of brilliance
 i - 3 potions of invisibility
 j - 5 potions of curing
 l - a potion of magic
 m - a potion of lignification {unknown}
 p - 3 potions of flight {unknown}
 u - 4 potions of haste {unknown}
 w - a potion of berserk rage
 z - 2 potions of degeneration {unknown}
 G - a potion of might {unknown}
 J - 3 potions of mutation {unknown}
 S - a potion of cancellation {unknown}
Books
 n - a book of Maledictions

   Spells                             Type                      Level
   a - Corona                         Hexes                        1
   b - Ensorcelled Hibernation        Hexes/Ice                    2
   c - Confuse                        Hexes                        3
   d - Tukima's Dance                 Hexes                        3
   e - Dazzling Spray                 Conjuration/Hexes            3
 y - a book of Cantrips

   Spells                             Type                      Level
   a - Confusing Touch                Hexes                        1
   b - Animate Skeleton               Necromancy                   1
   c - Summon Small Mammal            Summoning                    1
   d - Apportation                    Translocation                1
Comestibles
 c - 10 bread rations
 k - 5 meat rations
 U - 2 chunks of flesh


   Skills:
 + Level 8.3 Fighting
 * Level 9.0 Polearms
 - Level 2.4 Armour
 - Level 1.0 Dodging
 - Level 4.0 Shields
 - Level 2.2 Invocations
 - Level 5.0 Evocations


You had 8 spell levels left.
You didn't know any spells.

Dungeon Overview and Level Annotations

Branches:
Dungeon (8/15)
 Temple: D:4-7         Lair: D:8-11

Altars:
Ashenzari
Cheibriados
Dithmenos
Elyvilon
Gozag
Hepliaklqana
Makhleb
Qazlal
Sif Muna
Trog
Uskayaw
Vehumet
Xom

Annotations:
D:3 exclusion: 2 downstairs
D:8 Pikel


Innate Abilities, Weirdness & Mutations

You cannot be hasted, slowed, berserked, paralysed or teleported.
You can dig through walls and to a lower floor.
Your four strong arms can wield two-handed weapons with a shield.
You have a pair of large antennae on your head. (SInv)
You are partially covered in large bone plates. (SH +4)


Message History

Pikel hits you with a whip of electrocution!
Pikel hits you with a whip of electrocution.
Evoke which item? (* to show all) (? for menu, Esc to quit)
Aiming: Corrosive Bolt
Press: ? - help, Shift-Dir - straight line, f - orc, p - Pikel
Aim: an orc, wielding a mace The bolt of acid hits Pikel.
Pikel is splashed with acid.
The acid corrodes Pikel!
Pikel is almost dead.
The bolt of acid hits the orc.
The orc is splashed with acid.
The acid corrodes the orc!
You kill the orc!
Lugonu accepts your kill.
This wand has 6 charges left.
Pikel hits you with a whip of electrocution.
You are electrocuted!
Pikel hits you with a whip of electrocution!
* * * LOW HITPOINT WARNING * * *
You are electrocuted!
You die...

###########
#.........#
#.........#
#.........#
..###.........#
#.............#
##..........#
.. #.##.##...@#
.. ##
#.#####K#{
..###. #.# #)o.
.... ##.# ###..
#..# ###..# ..
#..# #...## ..
#..###.### ...
##..##..# ..#
.......##


You could see Pikel (berserk) and an orc.

Vanquished Creatures
  A hippogriff (D:7)
  Menkaure (D:4)
  2 orc warriors
  An ice beast (D:5)
  A sky beast (D:5)
  3 slaves (D:8)
  2 phantoms
  4 ogres
  2 centaurs
  Blork the orc (D:6)
  A bullfrog (D:6)
  A wyvern zombie (D:6)
  A scorpion (D:6)
  3 killer bees
  7 wights
  A centaur zombie (D:8)
  A bullfrog zombie (D:5)
  2 hounds (D:4)
  An orc priest (D:4)
  2 orc wizards (D:6)
  4 worker ants
  2 hound zombies (D:6)
  A gnoll (D:5)
  11 adders
  4 shadow imps
  A worm (D:3)
  3 leopard geckos
  13 orcs
  13 giant cockroaches
  11 goblins
  12 hobgoblins
  8 jackals
  7 kobolds
  6 quokkas
  6 bats
  5 frilled lizards
  A quokka skeleton (D:6)
  6 rats
152 creatures vanquished.

Vanquished Creatures (others)
  A bat (D:2)
1 creature vanquished.

Grand Total: 153 creatures vanquished

Notes
Turn   | Place    | Note
-------+----------+-------------------------------------------
     0 | Abyss:1  | motkufotm the Formicid Abyssal Knight began the quest for the Orb.
     0 | Abyss:1  | Reached XP level 1. HP: 18/18 MP: 2/2
    61 | Abyss:1  | Noticed a small abomination
    62 | Abyss:1  | Noticed a large abomination
    70 | Abyss:1  | Noticed a rakshasa
    71 | D:1      | Escaped the Abyss
    82 | D:1      | Reached skill level 1 in Dodging
    83 | D:1      | Reached * piety under Lugonu
   106 | D:1      | Reached XP level 2. HP: 24/24 MP: 3/3
   678 | D:1      | Reached XP level 3. HP: 30/30 MP: 4/4
  1008 | D:2      | Found a shadowy altar of Dithmenos.
  1258 | D:2      | Reached skill level 3 in Polearms
  1291 | D:2      | Reached XP level 4. HP: 36/37 MP: 5/5
  1665 | D:2      | Reached skill level 1 in Shields
  1673 | D:2      | Found a stormy altar of Qazlal.
  1793 | D:2      | Found a hazy altar of Hepliaklqana.
  1862 | D:2      | Found an opulent altar of Gozag.
  1865 | D:2      | Reached ** piety under Lugonu
  1873 | D:2      | Found a shattered altar of Ashenzari.
  1923 | D:2      | Found a bloodstained altar of Trog.
  2039 | D:2      | Found a shimmering altar of Xom.
  2039 | D:2      | Found a shimmering altar of Xom.
  2251 | D:2      | Found a deep blue altar of Sif Muna.
  2410 | D:3      | Reached XP level 5. HP: 42/43 MP: 6/6
  2721 | D:3      | Found a snail-covered altar of Cheibriados.
  3685 | D:4      | Found a hide-covered altar of Uskayaw.
  3756 | D:4      | Noticed an ogre
  3829 | D:4      | Found a burning altar of Makhleb.
  3865 | D:4      | Reached skill level 5 in Fighting
  3865 | D:4      | Reached XP level 6. HP: 21/51 MP: 7/7
  4068 | D:4      | Noticed Menkaure
  4371 | D:3      | Reached skill level 4 in Polearms
  4972 | D:4      | Found a radiant altar of Vehumet.
  5038 | D:5      | Entered Level 5 of the Dungeon
  5038 | D:5      | Noticed an ice beast
  5056 | D:5      | Killed an ice beast
  5056 | D:5      | Reached XP level 7. HP: 30/56 MP: 8/8
  5547 | D:5      | Reached *** piety under Lugonu
  5787 | D:5      | Reached skill level 5 in Polearms
  5787 | D:5      | Reached skill level 1 in Evocations
  6003 | D:5      | Reached XP level 8. HP: 33/64 MP: 9/9
  6006 | D:5      | Gained mutation: You are partially covered in large bone plates. (SH +4) [mutagenic meat]
  6397 | D:4      | Killed Menkaure
  6397 | D:4      | Reached skill level 6 in Polearms
  7165 | D:6      | Reached skill level 7 in Polearms
  7182 | D:6      | Reached XP level 9. HP: 66/72 MP: 10/12
  7229 | D:6      | Noticed Blork the orc
  7250 | D:6      | Killed Blork the orc
  7888 | D:7      | Found a white marble altar of Elyvilon.
  8286 | D:4      | Reached skill level 8 in Polearms
  9094 | D:6      | Reached skill level 5 in Evocations
  9283 | D:7      | Noticed a hippogriff
  9295 | D:7      | Killed a hippogriff
  9749 | D:7      | Reached skill level 9 in Polearms
  9836 | D:8      | Noticed Pikel
  9981 | D:8      | Slain by Pikel

Skill      XL: |  1  2  3  4  5  6  7  8  9 |
---------------+----------------------------+-----
Dodging        | 1 |  1.0
Fighting       | 4 5 6 7 8 |  8.3
Polearms       | 3 4 5 7 9 |  9.0
Shields        | 1 2 3 4 |  4.0
Evocations     | 1 4 5 |  5.0
Armour         | |  2.4
Invocations    | |  2.2

Action                   |  1- 3 |  4- 6 |  7- 9 || total
-------------------------+-------+-------+-------++-------
Melee: Spear             |   100 |   288 |    87 ||   475
       Trident           |       |       |   180 ||   180
       Halberd           |       |       |   137 ||   137
       Glaive            |       |       |    27 ||    27
Invok: Depart the Abyss  |     1 |       |       ||     1
 Abil: Dig               |     1 |     2 |     4 ||     7
Evoke: Wand              |       |       |     5 ||     5
  Use: Scroll            |     6 |       |     5 ||    11
       Potion            |       |       |     1 ||     1
 Stab: Sleeping          |       |     1 |       ||     1
       Confused          |       |       |     1 ||     1
  Eat: Chunk             |     1 |     8 |     8 ||    17
       Royal jelly       |       |     2 |     4 ||     6
       Meat ration       |       |       |     1 ||     1
Armor: Leather armour    |    17 |    37 |     4 ||    58
       Ring mail         |       |       |    54 ||    54
Dodge: Dodged            |    31 |   107 |   130 ||   268
       Deflected         |       |       |     4 ||     4
Block: Buckler           |       |    31 |   114 ||   145
